Map: Divergence LE

Players

JigSAW

  • Race: Terran Terran
  • League: Gold
  • Spawn Location: 11:00

Thirteen

  • Race: Terran Terran
  • League: Master
  • Spawn Location: 11:00

Massa

  • Race: Terran Terran
  • League: Gold
  • Spawn Location: 5:00

qqq

  • Race: Protoss Protoss
  • Spawn Location: 5:00

VOD

Have the link to the VOD?

Description

Time

  • Played on: June 29, 2020, 1:41 p.m.
  • Length: 11:42
Show
View Real Time Build Order
Export as new Build Order

JigSAW Terran 

Build Orders: Reaper Expand 

Get SALT Encoding   

  12  0:01  SCV  
  13  0:13  SCV  
  14  0:18  Supply Depot  
  14  0:25  SCV  
  15  0:40  SCV  
  15  0:42  Barracks  
  16  0:47  Refinery  
  16  0:52  SCV  
  17  1:04  SCV  
  18  1:16  SCV  
  19  1:30  Orbital Command  
  19  1:32  Reaper  
  20  1:44  Command Center  
  20  1:53  Supply Depot  
  20  1:56  SCV  
  21  2:04  Marine  
  22  2:11  Factory  
  22  2:20  Barracks  
  22  2:22  Marine  
  23  2:24  SCV  
  24  2:41  SCV  
  24  2:49  Marine  
  25  2:53  SCV  
  25  2:56  Factory Tech Lab  
  27  3:00  Orbital Command  
  27  3:05  SCV  
  27  3:06  Refinery  
  27  3:08  Refinery  
  27  3:09  Marine  
  27  3:11  Barracks Tech Lab  
  28  3:17  SCV  
  28  3:18  Barracks  
  29  3:27  Marine  
  29  3:29  SCV  
  29  3:30  Siege Tank  
  29  3:32  SCV  
  35  3:37  Marine  
  36  3:41  SCV  
  36  3:44  SCV  
  36  3:45  Marine, Stimpack  
  39  3:53  SCV  
  39  3:55  Marine  
  40  3:56  SCV  
  42  4:04  Starport  
  42  4:06  SCV  
  42  4:08  SCV  
  44  4:14  Marine  
  45  4:19  Marine  
  45  4:23  Supply Depot  
  45  4:24  Supply Depot  
  46  4:27  Supply Depot  
  46  4:39  Refinery  
  46  4:40  Barracks Reactor  
  46  4:44  SCV x2, Marine x2, Medivac  
  52  4:56  SCV x2  
  52  4:58  Command Center  
  54  5:02  Marine x2  
  56  5:08  SCV x2  
  58  5:19  Barracks  
  58  5:20  SCV, Marine x3  
  62  5:23  Barracks  
  62  5:26  Marine  
  62  5:27  Siege Tank  
  66  5:29  Medivac  
  66  5:32  SCV  
  69  5:37  Marine, Supply Depot  
  69  5:39  Supply Depot  
  70  5:48  Engineering Bay  
  70  5:51  Engineering Bay  
  70  5:58  Marine x3  
  70  5:59  Marauder  
  70  6:01  Combat Shield  
  75  6:06  Supply Depot  
  75  6:10  Supply Depot  
  75  6:11  SCV  
  76  6:13  SCV  
  76  6:16  Marine  
  76  6:18  Orbital Command  
  78  6:20  Marauder  
  78  6:23  SCV, Marine x2  
  83  6:26  Barracks Tech Lab  
  83  6:27  Barracks Reactor  
  83  6:34  Siege Tank  
  83  6:38  Terran Infantry Weapons Level 1  
  83  6:39  Terran Infantry Armor Level 1  
  86  6:41  Marine x2  
  86  6:42  Starport Reactor  
  86  6:43  SCV x2  
  86  6:44  SCV  
  91  6:49  Refinery  
  91  6:55  SCV x2  
  93  7:06  Armory, Marine x2  
  93  7:07  Marauder x2, Marine x3  
  103  7:08  SCV  
  103  7:17  SCV x2  
  103  7:20  SCV  
  106  7:24  Marine x3  
  106  7:27  Supply Depot  
  106  7:28  Marauder x2  
  106  7:29  SCV x2, Marine x2  
  117  7:30  Supply Depot  
  117  7:38  Supply Depot  
  117  7:40  Supply Depot  
  117  7:48  Marine  
  117  7:49  SCV x2  
  117  7:50  Marauder x2  
  108  8:01  Marine x4  
  112  8:06  Marine, Medivac, Siege Tank  
  112  8:07  SCV x2, Medivac  
  112  8:08  SCV  
  112  8:11  Marauder x2  
  112  8:12  Refinery  
  127  8:18  Marine  
  127  8:19  SCV, Marine  
  131  8:20  SCV x2  
  130  8:29  Marine  
  130  8:30  Marine x2  
  130  8:32  SCV x3, Marauder  
  130  8:33  Marauder  
  137  8:38  Marine x2  
  137  8:39  Siege Tank  
  137  8:40  Medivac x2  
  146  8:48  Marine x2  
  148  9:05  Command Center  
  148  9:10  Starport  
  148  9:11  Starport x2, Marine  
  148  9:13  Starport  
  149  9:33  Supply Depot  
  149  9:34  Supply Depot  
  149  9:35  Supply Depot  
  149  9:41  SCV x2  
  149  9:44  Viking  
  149  9:54  Marine x2  
  149  9:55  SCV, Marauder, Marine x2, Viking, Siege Tank  
  149  9:56  Marauder  
  158  10:05  Marine  
  159  10:08  Starport Reactor x4  
  159  10:12  SCV, Marine x4  
  159  10:13  SCV x2  
  166  10:14  Viking  
  166  10:17  Orbital Command, Marauder x2  
  172  10:23  Marine  
  172  10:38  Marauder x2  
  175  10:45  Marine x2  
  175  10:46  Marine  
  172  10:53  Marine x2  
  172  10:55  Viking x2  
  172  10:56  Viking x7  
  188  10:59  Viking  
  188  11:02  Marauder  
  188  11:03  Marine  
  187  11:04  Marauder  
  187  11:08  SCV x3  
  187  11:09  SCV  
  187  11:40  Supply Depot x4  
  187  11:42  Supply Depot  
Show
View Real Time Build Order
Export as new Build Order

Thirteen Terran 

Build Orders: 1/1/1, Cyclone Opening 

Get SALT Encoding   

  12  0:00  SCV  
  13  0:12  SCV  
  14  0:21  Supply Depot  
  14  0:25  SCV  
  15  0:42  SCV  
  16  0:45  Barracks  
  16  0:54  Refinery, SCV  
  16  0:55  Refinery  
  17  1:06  SCV  
  18  1:18  SCV  
  19  1:31  Marine  
  19  1:32  Orbital Command  
  20  1:38  Factory  
  20  1:41  Supply Depot  
  20  1:49  Marine  
  21  1:57  SCV  
  22  2:08  Barracks Tech Lab  
  22  2:11  SCV  
  23  2:22  Starport  
  23  2:23  SCV  
  23  2:26  Supply Depot  
  24  2:35  SCV, Cyclone  
  28  2:39  Mag-Field Accelerator  
  28  2:46  Marine  
  28  2:47  SCV  
  30  2:58  Starport Tech Lab  
  30  3:00  SCV  
  30  3:04  Marine  
  32  3:13  Cyclone  
  35  3:21  Marine  
  35  3:23  SCV  
  35  3:27  Supply Depot  
  37  3:38  Command Center  
  37  3:46  SCV  
  38  3:58  SCV  
  38  4:02  Siege Tank  
  42  4:03  Marine  
  40  4:10  Barracks  
  40  4:11  SCV  
  40  4:16  Barracks  
  41  4:21  Medivac  
  41  4:23  SCV  
  44  4:25  Supply Depot  
  44  4:26  Marine  
  45  4:35  SCV  
  46  4:44  Marine  
  47  4:47  SCV  
  47  4:51  Orbital Command  
  48  4:53  Siege Tank  
  48  4:54  Starport Reactor  
  48  4:59  SCV  
  49  5:02  Marine  
  49  5:03  Barracks Tech Lab  
  49  5:04  Stimpack  
  49  5:05  Marine x2  
  52  5:11  SCV  
  53  5:23  SCV, Engineering Bay  
  53  5:25  SCV, Engineering Bay  
  55  5:34  Marine x2  
  55  5:35  SCV, Marine  
  59  5:37  SCV  
  58  5:46  Siege Tank  
  59  5:52  Marine  
  57  5:57  Marine x2, Medivac  
  57  5:58  SCV x2, Medivac  
  57  6:00  Terran Infantry Weapons Level 1  
  57  6:02  Missile Turret  
  57  6:03  Supply Depot  
  65  6:11  Barracks Reactor  
  65  6:17  Barracks x2  
  65  6:19  SCV x2  
  65  6:20  Refinery x2  
  65  6:22  Terran Infantry Armor Level 1  
  61  6:42  SCV x2, Missile Turret  
  63  6:48  Marine x2  
  63  6:54  SCV  
  66  7:02  Barracks Reactor  
  66  7:04  Barracks Reactor x2  
  66  7:05  Marine  
  67  7:08  SCV x2  
  67  7:09  Armory  
  67  7:13  Command Center  
  68  7:19  Marine  
  68  7:20  SCV  
  68  7:22  Marine  
  71  7:23  Siege Tank  
  71  7:24  SCV  
  75  7:32  SCV  
  76  7:47  Marine x2  
  78  7:53  Medivac  
  78  7:57  Marine x2  
  78  8:09  Supply Depot x2  
  78  8:10  SCV, Marine x2  
  78  8:12  SCV, Marine  
  78  8:19  Marine, Medivac  
  78  8:24  Marine x5, Siege Tank  
  78  8:26  Terran Infantry Weapons Level 2  
  86  8:28  Marine x2  
  85  8:38  SCV, Orbital Command  
  84  8:45  Marine x5  
  84  8:46  Marine x2  
  84  8:47  Marine  
  92  8:48  Terran Infantry Armor Level 2  
  92  8:50  SCV x2  
  92  8:54  Supply Depot, Terran Vehicle Weapons Level 1  
  94  9:02  SCV, Marine  
  95  9:03  Marine, Medivac  
  95  9:04  Orbital Command  
  95  9:09  SCV  
  100  9:12  Marine x5  
  100  9:13  Marine x2  
  100  9:14  SCV  
  108  9:21  SCV, Supply Depot  
  108  9:22  Supply Depot  
  109  9:27  SCV  
  110  9:31  Marine x2  
  110  9:32  Marine x4  
  110  9:47  Marine x3  
  110  9:48  Medivac x2, Siege Tank  
  110  9:49  Marine  
  110  9:52  SCV x2  
  123  9:56  Supply Depot  
  123  9:57  Supply Depot  
  123  9:59  Supply Depot  
  119  10:02  Marine  
  119  10:03  Marine x2  
  119  10:04  SCV x2  
  124  10:10  SCV  
  125  10:16  Marine x2  
  125  10:17  Marine x3, Command Center  
  130  10:23  Starport  
  115  10:43  Marine x5  
  115  10:44  Marine x2, Medivac, Siege Tank  
  115  10:45  Medivac  
  115  10:46  Marine x2  
  115  10:49  SCV x2  
  131  10:55  Refinery  
  131  10:56  Refinery  
  131  11:01  Marine x3  
  134  11:13  SCV x2, Marine x3  
  134  11:14  Starport, Marine  
  134  11:17  Marine x2  
  144  11:23  Barracks x2  
  144  11:24  Barracks  
  144  11:25  Supply Depot  
  138  11:26  Supply Depot  
  138  11:27  Supply Depot x2  
  138  11:29  Supply Depot  
Show
View Real Time Build Order
Export as new Build Order

Massa Terran 

Build Orders:  

Get SALT Encoding   

  12  0:07  SCV  
  13  0:16  Supply Depot  
  13  0:19  SCV  
  14  0:31  SCV  
  15  0:38  Barracks  
  15  0:43  SCV  
  16  0:55  SCV  
  17  1:07  SCV  
  18  1:20  Refinery, SCV  
  19  1:25  Supply Depot  
  19  1:31  Marine  
  19  1:32  SCV  
  21  1:44  SCV  
  21  1:46  Barracks  
  22  1:49  Marine  
  23  1:59  Orbital Command  
  23  2:07  Barracks  
  23  2:12  Marine  
  24  2:30  Marine  
  25  2:40  Marine  
  26  2:48  Marine  
  26  2:50  Command Center  
  27  2:58  Marine  
  27  2:59  Barracks Tech Lab  
  28  3:05  Marine  
  28  3:09  Supply Depot  
  29  3:16  Marine  
  30  3:23  Marine  
  31  3:28  Engineering Bay  
  31  3:36  Supply Depot  
  31  3:37  Factory  
  31  3:41  Barracks Tech Lab  
  31  3:42  Marine  
  31  3:45  Marauder  
  34  3:51  Stimpack  
  34  4:07  Marauder  
  36  4:19  SCV  
  37  4:31  SCV  
  37  4:32  Supply Depot  
  37  4:35  Command Center  
  38  4:44  SCV  
  39  4:45  Missile Turret  
  39  4:51  SCV  
  40  4:56  SCV, Factory Tech Lab  
  40  4:59  Combat Shield  
  41  5:06  Orbital Command  
  41  5:08  SCV  
  41  5:12  Missile Turret  
  42  5:17  Missile Turret  
  42  5:19  Missile Turret  
  42  5:20  SCV  
  43  5:22  Missile Turret  
  43  5:24  Marauder  
  43  5:25  Marauder  
  43  5:26  Marine  
  48  5:32  SCV  
  48  5:33  Siege Tank  
  52  5:42  SCV  
  53  5:44  SCV, Marine  
  55  5:54  SCV  
  55  5:56  SCV  
  57  5:57  Missile Turret  
  57  6:05  Refinery  
  57  6:06  SCV  
  57  6:08  SCV  
  59  6:15  Marauder x2, Marine  
  59  6:16  Missile Turret  
  59  6:18  SCV  
  65  6:20  SCV  
  65  6:24  Refinery  
  66  6:26  Refinery  
  66  6:30  SCV  
  67  6:35  SCV  
  67  6:36  SCV, Marauder  
  67  6:37  Missile Turret  
  71  6:42  SCV  
  72  6:48  SCV  
  72  6:49  Siege Tank  
  72  6:51  Marauder  
  79  6:57  Marine  
  79  6:58  Missile Turret  
  79  7:02  Barracks Reactor  
  79  7:05  SCV  
  79  7:06  SCV  
  79  7:08  Orbital Command  
  81  7:12  Marine  
  82  7:17  SCV, Supply Depot  
  82  7:18  SCV, Missile Turret  
  84  7:28  Concussive Shells  
  85  7:30  SCV  
  85  7:39  SCV, Terran Infantry Weapons Level 1  
  85  7:42  SCV, Supply Depot  
  85  7:43  Armory  
  87  7:46  Command Center  
  66  8:00  Marauder x2  
  66  8:01  Marine x2  
  72  8:05  Supply Depot  
  68  8:18  Marine  
  68  8:19  Marine  
  64  8:21  Marauder x2  
  64  8:29  Supply Depot  
  64  8:35  Siege Tank  
  64  8:36  Marine  
  64  8:37  Marine  
  69  8:42  Marauder, Marine  
  72  8:52  Barracks, Terran Vehicle Weapons Level 1  
  72  8:54  Marine  
  72  8:55  Marine  
  74  8:59  Engineering Bay  
  74  9:00  Marine  
  75  9:03  Marine  
  75  9:05  SCV x3  
  79  9:12  Marine x2  
  79  9:14  Refinery  
  79  9:15  Refinery  
  79  9:17  SCV x3  
  82  9:18  Marine  
  82  9:21  Marine  
  86  9:29  SCV x3  
  89  9:32  Marine  
  89  9:33  Marine  
  89  9:36  Marauder  
  93  9:39  Barracks, Marauder  
  93  9:41  SCV x3  
  98  9:50  Marine x2  
  100  9:53  SCV x3  
  100  9:57  Marauder  
  87  10:01  Marauder  
  83  10:08  Marine x2  
  84  10:18  Bunker  
  84  10:19  Marauder  
  86  10:21  Bunker  
  86  10:22  Barracks Tech Lab, Marauder  
  86  10:26  Marine x2  
  90  10:30  Command Center  
  88  10:36  Barracks Tech Lab  
  88  10:40  Marauder  
  88  10:41  Supply Depot  
  82  10:43  Marine  
  82  10:44  Marauder, Marine  
  82  10:45  Starport x2  
  59  11:02  Marauder  
  59  11:03  Supply Depot  
  59  11:05  Marauder  
  59  11:06  Bunker x2  
  59  11:08  Marauder x2  
  61  11:28  Barracks  
Show
View Real Time Build Order
Export as new Build Order

qqq Protoss 

Build Orders: Phoenix Opening, Mass Phoenix 

Get SALT Encoding   

  12  0:01  Probe  
  13  0:13  Probe  
  14  0:20  Pylon  
  14  0:26  Assimilator  
  14  0:28  Probe  
  15  0:41  Gateway  
  15  0:44  Probe  
  16  0:58  Forge  
  16  0:59  Probe  
  17  1:11  Probe  
  18  1:23  Probe  
  19  1:29  Cybernetics Core  
  19  1:35  Probe  
  20  1:59  Stalker  
  20  2:11  Nexus  
  20  2:14  Pylon  
  22  2:23  Stargate  
  22  2:26  Assimilator  
  22  2:43  Probe  
  23  2:49  Photon Cannon  
  23  2:55  Probe  
  24  3:07  Probe  
  25  3:15  Phoenix  
  27  3:27  Stargate  
  27  3:32  Probe  
  28  3:38  Assimilator  
  28  3:40  Probe  
  28  3:43  Assimilator  
  28  3:48  Probe  
  29  3:58  Phoenix  
  29  4:00  Probe  
  32  4:11  Phoenix  
  32  4:12  Probe  
  35  4:23  Probe  
  35  4:25  Phoenix  
  35  4:31  Probe  
  38  4:36  Phoenix  
  41  4:39  Probe  
  42  4:50  Probe  
  43  4:53  Phoenix  
  45  5:02  Pylon  
  45  5:03  Probe  
  45  5:06  Pylon  
  46  5:10  Pylon  
  46  5:17  Pylon  
  46  5:20  Probe, Phoenix x2  
  51  5:32  Probe  
  52  5:44  Probe  
  53  5:56  Probe  
  52  5:59  Phoenix  
  52  6:00  Phoenix  
  56  6:08  Probe  
  56  6:09  Fleet Beacon  
  57  6:11  Pylon  
  57  6:20  Probe  
  57  6:24  Phoenix  
  60  6:28  Protoss Air Weapons Level 1  
  60  6:42  Phoenix  
  62  6:49  Phoenix  
  62  7:06  Probe  
  62  7:07  Phoenix  
  65  7:14  Photon Cannon  
  65  7:15  Carrier  
  71  7:18  Probe  
  70  7:30  Probe  
  70  7:32  Carrier  
  77  7:42  Probe  
  78  7:47  Anion Pulse-Crystals  
  78  7:56  Probe  
  61  8:08  Probe  
  62  8:19  Carrier  
  66  8:20  Probe  
  63  8:37  Carrier  
  69  9:04  Probe  
  70  9:14  Nexus  
  70  9:19  Pylon  
  70  9:21  Pylon  
  70  9:23  Carrier  
  76  9:24  Nexus  
  76  9:40  Tempest  
  81  10:18  Photon Cannon  
  81  10:21  Photon Cannon  
  81  10:22  Photon Cannon  
  81  10:23  Tempest  
Tags
 
Add a new tag
Caveats
  • Supply blocks, unpowered buildings, or Contaminate may cause inaccurate times.
  • Supply counts are checked every 10 seconds.